 Dungeon Crawl Stone Soup version 0.24-a0-317-g5cb8de4b22 (webtiles) character file.

Game seed: 7349806503595558531

5519 HAL9000 the Slicer (level 10, -8/46 HPs)
             Began as a Vine Stalker Assassin on May 16, 2019.
             Was a Follower of Uskayaw.
             Mangled by a spiny frog (11 damage)
             ... on level 1 of the Lair of Beasts.
             The game lasted 00:24:45 (9980 turns).

HAL9000 the Slicer (Vine Stalker Assassin)          Turns: 9980, Time: 00:24:45

Health: -8/46      AC:  9    Str: 15    XL:     10   Next: 70%
Magic:  0/22       EV: 11    Int: 13    God:    Uskayaw [*.....]
Gold:   487        SH:  0    Dex: 17    Spells: 18/24 levels left

rFire    . . .     SeeInvis .   g - +1 dagger (freeze)
rCold    . . .     Gourm    .   (no shield)
rNeg     + . .     Faith    .   t - +3 leather armour of the Abyss {*Drain rN+ MR+++ Int-2}
rPois    +         Spirit   +   r - +0 helmet
rElec    .         Reflect  .   c - +0 cloak
rCorr    .         Harm     .   w - +0 pair of gloves
MR       ++++.                  (no boots)
Stlth    ++++......             z - amulet of the acrobat
HPRegen  0.55/turn              G - +3 ring of intelligence
MPRegen  0.18/turn              y - ring of poison resistance

@: no status effects
A: fangs 3, regeneration 1, magic shield, antimagic bite, no potion heal 3, rot
immunity
a: Stomp, Renounce Religion


You were on level 1 of the Lair of Beasts.
You worshipped Uskayaw.
Uskayaw was noncommittal.
You were not hungry.

You visited 3 branches of the dungeon, and saw 10 of its levels.

You collected 487 gold pieces.

Inventory:

Hand Weapons
 a - a +2 dagger
 b - a +1 vampiric short sword
 g - a +1 dagger of freezing (weapon)
Missiles
 d - 30 poisoned darts
 n - 7 datura-tipped darts
 D - 6 silver javelins (quivered)
Armour
 c - a +0 cloak (worn)
 r - a +0 helmet (worn)
 t - the +3 leather armour of the Abyss (worn) {*Drain rN+ MR+++ Int-2}
   (You found it on level 4 of the Dungeon)

   It affects your intelligence (-2).
   It protects you from negative energy.
   It affects your resistance to hostile enchantments.
   It causes draining when unequipped.
 w - a +0 pair of gloves (worn)
 A - a +0 shield
 B - a +3 leather armour of poison resistance
Jewellery
 o - an uncursed amulet of harm
 s - an uncursed ring of protection from cold
 y - a ring of poison resistance (right hand)
 z - an amulet of the acrobat (around neck)
 G - a +3 ring of intelligence (left hand)
Wands
 C - a wand of digging (5)
Scrolls
 e - a scroll of magic mapping {unknown}
 i - 6 scrolls of teleportation
 j - 2 scrolls of remove curse
 k - a scroll of enchant armour
 l - 2 scrolls of fog
 m - 2 scrolls of amnesia
 u - 2 scrolls of enchant weapon {unknown}
 E - a scroll of silence {unknown}
 F - 2 scrolls of summoning
 I - a scroll of identify
Potions
 h - 3 potions of agility
 p - 3 potions of curing
 q - 3 potions of brilliance
 x - 4 potions of flight
 H - 2 potions of lignification {unknown}
 J - a potion of berserk rage
Comestibles
 f - 25 rations
 v - 4 chunks of flesh


   Skills:
 - Level 1.7 Fighting
 - Level 10.7 Short Blades
 + Level 2.3 Throwing
 - Level 0.7 Dodging
 - Level 10.1 Stealth
 - Level 7.8 Spellcasting


You had 18 spell levels left.
You knew the following spells:

 Your Spells              Type           Power        Failure   Level  Hunger
a - Swiftness             Chrm/Air       #.......     26%         2    None
b - Cause Fear            Hex            #.........   86%         4    ####...

Your spell library contained the following spells:

 Spells                   Type           Power        Failure   Level  Hunger
 Corona                   Hex            #......      17%         1    None
 Flame Tongue             Conj/Fire      #....        17%         1    None
 Magic Dart               Conj           #...         17%         1    None
 Shock                    Conj/Air       #...         17%         1    None
 Sting                    Conj/Pois      #...         17%         1    None
 Slow                     Hex            #.......     26%         2    None
 Throw Flame              Conj/Fire      #.....       26%         2    None
 Conjure Flame            Conj/Fire      #.......     45%         3    ##.....
 Inner Flame              Hex/Fire       #.......     45%         3    ##.....
 Portal Projectile        Hex/Tloc       #.....       45%         3    ##.....
 Static Discharge         Conj/Air       #.......     45%         3    ##.....
 Airstrike                Air            #.........   86%         4    ####...
 Leda's Liquefaction      Hex/Erth       #.........   86%         4    ####...
 Sticky Flame             Conj/Fire      #.......     86%         4    ####...
 Fireball                 Conj/Fire      #.........   99%         5    #####..
 Lightning Bolt           Conj/Air       #.........   99%         5    #####..
 Conjure Ball Lightning   Conj/Air       #.........   100%        6    #######
 Orb of Destruction       Conj           #.........   100%        7    #######


Dungeon Overview and Level Annotations

Branches:
Dungeon (8/15)             Temple (1/1) D:4            Lair (1/6) D:8

Altars:
Ashenzari
Cheibriados
Dithmenos
Elyvilon
Fedhas
Gozag
Hepliaklqana
Kikubaaqudgha
Nemelex Xobeh
Okawaru
Qazlal
Ru
Sif Muna
Trog
Uskayaw
Vehumet
Wu Jian
Xom
Yredelemnul
Zin
The Shining One

Portals:
Volcano: Lair:1

Annotations:
D:7 3 runed translucent doors, P0WERM0DE's ghost, novice MiFi


Innate Abilities, Weirdness & Mutations

You have razor-sharp teeth.
Your natural rate of healing is unusually fast.
When hurt, damage is shared between your health and your magic reserves.
Your bite disrupts and absorbs the magic of your enemies.
Potions cannot restore your health.
You are immune to rotting.


Message History

Aiming: Line Pass
Press: ? - help, Dir - move target cursor, p - spiny frog The spiny frog appears confused.
You feel somewhat more hungry.
You can no longer pass through a line of other dancers.
The spiny frog stings you but does no damage.
You hit the spiny frog but do no damage.
You bite the spiny frog. You drain its power.
You feel invigorated.
The spiny frog is heavily wounded.
The spiny frog seems less confused.
The spiny frog stings you!!
* * * LOW HITPOINT WARNING * * *
You barely miss the spiny frog.
The spiny frog is heavily wounded.
The spiny frog barely misses you.
Unknown command.
You hit the spiny frog. You freeze the spiny frog.
The spiny frog is severely wounded.
You hit the spiny frog but do no damage.
The spiny frog is severely wounded.
The spiny frog stings you!
You die...

.. ... #.. #.###..#....#
#.. # #......#)...# #.<
#.#.....(.....# #..
#.#......#....## ###..
#.#............###P#..
#/###........#............
......P#.###+............#
.........@F..............#
......##.###.#.#.........#
..... ### ######..##.#...
.... #.#....#.# ...
#......#.. .. #.#....#.# #
#........# #.#....... ##
##.#....P..


You could see a spiny frog.

Vanquished Creatures
  A two-headed ogre (D:8)
  Joseph (D:7)
  A black mamba (Lair:1)
  3 hippogriffs
  4 hogs
  Grum (D:8)
  A human (D:6)
  Duvessa (D:4)
  3 water moccasins
  2 porcupines
  An orc warrior (D:8)
  2 sky beasts
  An ogre (D:8)
  A phantom (D:4)
  4 wolves
  2 centaurs
  A crocodile (Lair:1)
  4 bullfrogs
  Dowan (D:4)
  A water moccasin skeleton (D:7)
  5 scorpions
  4 wights
  2 crimson imps
  2 hounds
  2 centaur skeletons (D:7)
  An orc priest (D:4)
  4 orc wizards
  An iguana (D:4)
  A worker ant (D:4)
  A hound skeleton (D:4)
  5 adders
  3 shadow imps
  2 oozes
  An adder skeleton (D:4)
  An adder zombie (D:5)
  2 worms
  6 leopard geckos
  5 orcs
  3 bats (D:1)
  6 giant cockroaches
  6 goblins
  5 hobgoblins
  2 jackals (D:1)
  8 kobolds
  2 quokkas
  4 frilled lizards
  A jackal zombie (D:7)
  2 leopard gecko skeletons
  A quokka skeleton (D:7)
  A quokka zombie (D:8)
  9 rats
134 creatures vanquished.

Notes
Turn   | Place    | Note
-------+----------+-------------------------------------------
     0 | D:1      | HAL9000 the Vine Stalker Assassin began the quest for the
                  | Orb.
     0 | D:1      | Reached XP level 1. HP: 11/11 MP: 2/2
   291 | D:1      | Reached XP level 2. HP: 2/15 MP: 0/3
   976 | D:1      | Reached XP level 3. HP: 18/18 MP: 4/4
  2091 | D:2      | Found a shimmering altar of Xom.
  2134 | D:2      | Found a shimmering altar of Xom.
  2140 | D:2      | Gained mutation: Your natural rate of healing is unusually
                  | fast. [Vine Stalker growth]
  2140 | D:2      | Reached XP level 4. HP: 18/23 MP: 5/5
  2390 | D:3      | Found a hide-covered altar of Uskayaw.
  2461 | D:3      | Became a worshipper of Uskayaw the Reveler
  2481 | D:3      | Reached * piety under Uskayaw
  2627 | D:3      | Reached ** piety under Uskayaw
  2926 | D:3      | Found a deep blue altar of Sif Muna.
  2984 | D:3      | Reached XP level 5. HP: 26/26 MP: 6/6
  3763 | D:4      | Reached skill level 5 in Short Blades
  3885 | D:4      | Reached XP level 6. HP: 30/30 MP: 7/7
  3941 | D:4      | Got a pitted leather armour
  3969 | D:4      | Identified the +3 leather armour of the Abyss {*Drain rN+
                  | MR+++ Int-2} (You found it on level 4 of the Dungeon)
  3975 | D:4      | Noticed Duvessa
  3976 | D:4      | Noticed Dowan
  4076 | D:4      | Killed Duvessa
  4076 | D:4      | Reached *** piety under Uskayaw
  4131 | D:4      | Killed Dowan
  4280 | D:4      | Reached XP level 7. HP: 10/34 MP: 5/8
  4805 | D:4      | Found a staircase to the Ecumenical Temple.
  4819 | Temple   | Entered the Ecumenical Temple
  5230 | D:5      | Entered Level 5 of the Dungeon
  5445 | D:5      | Learned a level 2 spell: Swiftness
  6032 | D:6      | Gained mutation: You have razor-sharp teeth. [Vine Stalker
                  | growth]
  6032 | D:6      | Reached XP level 8. HP: 25/38 MP: 6/9
  6039 | D:6      | Reached **** piety under Uskayaw
  6141 | D:6      | Found a glowing golden altar of the Shining One.
  6662 | D:6      | Identified the Almanac of Conjuration
  6946 | D:7      | Noticed Joseph
  7212 | D:7      | Found an ornate altar of the Wu Jian Council.
  7476 | D:7      | Found a shadowy altar of Dithmenos.
  7545 | D:7      | Noticed a hippogriff
  7567 | D:7      | Reached skill level 10 in Short Blades
  7655 | D:7      | Found a runed translucent gate.
  7655 | D:7      | Found a runed translucent gate.
  7655 | D:7      | Found a runed translucent gate.
  7660 | D:7      | Noticed P0WERM0DE's ghost (novice MiFi)
  7835 | D:6      | Reached XP level 9. HP: 24/42 MP: 7/10
  7953 | D:6      | Reached skill level 5 in Stealth
  7996 | D:7      | Reached skill level 1 in Spellcasting
  8169 | D:7      | Found a stormy altar of Qazlal.
  8257 | D:7      | Killed Joseph
  8500 | D:8      | Reached skill level 5 in Spellcasting
  8509 | D:8      | Noticed Grum
  8544 | D:7      | Reached XP level 10. HP: 11/46 MP: 6/18
  8663 | D:8      | Noticed a two-headed ogre
  8710 | D:8      | Killed a two-headed ogre
  9069 | D:8      | Killed Grum
  9221 | D:8      | Found a bloodstained altar of Trog.
  9371 | D:8      | Found a staircase to the Lair.
  9560 | Lair:1   | Entered Level 1 of the Lair of Beasts
  9569 | Lair:1   | Found a dark tunnel.
  9606 | Lair:1   | Learned a level 4 spell: Cause Fear
  9680 | Lair:1   | Noticed a black mamba
  9688 | Lair:1   | Noticed a spiny frog
  9854 | Lair:1   | Killed a black mamba
  9854 | Lair:1   | Reached skill level 10 in Stealth
  9977 | Lair:1   | HP: 2/46 [spiny frog (15)]
  9980 | Lair:1   | Mangled by a spiny frog

Levels and vault maps discovered:
D:1:      dpeg_arrival_signposts, layout_basic, due_unseen_surprise
D:2:      layout_rooms, xom_redecorated, first_ration
D:3:      layout_basic, led_sif_book, eat_drink_and_be_merry_uskayaw
D:4:      layout_basic, minmay_temple_entry_hall, uniq_duvessa
D:5:      layout_rooms, lemuel_statue_altar
D:6:      layout_basic, old_standard_altar, minmay_misc_feat_rows
D:7:      layout_cave_pools, kennysheep_little_box, lemuel_crystal_altar,
          nicolae_dithmenos_the_darkroom, gammafunk_ghost_necromancy,
          grunt_livestock, uniq_joseph
D:8:      layout_rooms, kennysheep_mini_moat, grunt_lair_entry_orc_guard_hut,
          uniq_grum
Temple:   dshaligram_water_room_temple
Lair:1:   layout_chaotic_city, nicolae_volcano_entry_hallway

Skill      XL: |  1  2  3  4  5  6  7  8  9 10 |
---------------+-------------------------------+-----
Short Blades   | 2 3 4 5 6 8 10 | 10.7
Throwing       | 2 |  2.3
Stealth        | 7 10 | 10.1
Spellcasting   | 5 7 |  7.8
Fighting       | |  1.7
Dodging        | |  0.7

Action                   |  1- 3 |  4- 6 |  7- 9 | 10-12 || total
-------------------------+-------+-------+-------+-------++-------
Melee: Dagger            |    95 |    82 |   391 |   176 ||   744
       Bite              |    22 |    25 |   139 |    59 ||   245
Throw: Dart              |     4 |    13 |     3 |    10 ||    30
       Javelin           |       |       |     3 |     8 ||    11
Invok: Line Pass         |       |     1 |     1 |     1 ||     3
       Stomp             |       |     1 |     2 |       ||     3
  Use: Scroll            |       |     4 |    10 |     1 ||    15
       Potion            |       |     1 |     2 |       ||     3
 Stab: Sleeping          |    11 |     8 |     6 |     5 ||    30
       Paralysed         |       |       |     4 |     2 ||     6
       Confused          |       |       |     1 |       ||     1
  Eat: Chunk             |     1 |     3 |     7 |     5 ||    16
       Ration            |     1 |     1 |     2 |       ||     4
Armor: Robe              |    17 |     5 |       |       ||    22
       Leather armour    |       |     7 |    88 |    32 ||   127
Dodge: Dodged            |    30 |    28 |   117 |    96 ||   271

Table legend:
 A = Non-vault XP
 B = Vault XP
 C = Vault XP percentage of total XP
 D = Non-vault monster count
 E = Vault monster count
 F = Vault count percentage of total count
                 A         B        C        D         E       F
            +---------+---------+-------+---------+---------+-------
      Total |    4935 |    2950 |  37.4 |     114 |      20 |  14.9
            +---------+---------+-------+---------+---------+-------
        D:1 |      58 |       0 |   0.0 |      29 |       0 |   0.0
        D:2 |      33 |       0 |   0.0 |      11 |       0 |   0.0
        D:3 |      68 |      75 |  52.4 |       9 |       2 |  18.2
        D:4 |     381 |     235 |  38.1 |      14 |       2 |  12.5
        D:5 |     263 |       0 |   0.0 |       7 |       0 |   0.0
        D:6 |     479 |     779 |  61.9 |      10 |       4 |  28.6
        D:7 |    1121 |    1015 |  47.5 |      19 |       5 |  20.8
        D:8 |    1210 |     846 |  41.1 |       9 |       7 |  43.8
     Lair:1 |    1322 |       0 |   0.0 |       6 |       0 |   0.0
            +---------+---------+-------+---------+---------+-------
